 Dungeon Crawl Stone Soup version 0.29.1-12-g30fa7ad0bf (webtiles) character file.

Game seed: 842304581691148754

2297 LustLizard the Skirmisher (level 9, 0/46 HPs)
             Began as a Spriggan Hunter on Dec 26, 2022.
             Was a Believer of Dithmenos.
             Killed from afar by a steam dragon (18 damage)
             ... with a ball of steam
             ... on level 8 of the Dungeon.
             The game lasted 00:14:02 (7600 turns).

LustLizard the Skirmisher (Spriggan Hunter)         Turns: 7600, Time: 00:14:03

Health: 0/46       AC:  3    Str:  7    XL:     9   Next: 17%
Magic:  10/10      EV: 25    Int: 10    God:    Dithmenos [**....]
Gold:   115        SH:  0    Dex: 29    Spells: 8/8 levels left

rFire   . . .      SeeInvis +   I - +3 arbalest (flame)
rCold   + . .      Faith    .   (shield currently unavailable)
rNeg    . . .      Spirit   .   C - +0 robe {rC+}
rPois   .          Reflect  .   (helmet restricted)
rElec   .          Harm     .   h - +0 cloak
rCorr   .          Rampage  .   (gloves unavailable)
Will    +....                   (boots unavailable)
Stlth   +++++.....              (no amulet)
HPRegen 0.15/turn               y - +4 ring of slaying
MPRegen 0.12/turn               A - +6 ring of dexterity

@: wreathed by umbra, very quick
A: very small, no large weapons, unfitting armour, see invisible, speed 3
a: Renounce Religion, Shadow Step


You were on level 8 of the Dungeon.
You worshipped Dithmenos.
Dithmenos was pleased with you.
You visited 1 branch of the dungeon, and saw 8 of its levels.

You collected 391 gold pieces.
You spent 276 gold pieces at shops.

Inventory:

Hand Weapons
 I - a +3 arbalest of flaming (weapon)
Missiles
 z - 3 throwing nets
Armour
 h - a +0 cloak (worn)
 C - a +0 robe of cold resistance (worn)
Jewellery
 y - a +4 ring of slaying (left hand)
 A - a +6 ring of dexterity (right hand)
Wands
 q - a wand of flame (5)
 x - a wand of roots (14)
 H - a wand of polymorph (9)
Scrolls
 b - 2 scrolls of immolation
 d - 2 scrolls of magic mapping
 e - a scroll of enchant armour {unknown}
 f - a scroll of torment {unknown}
 i - 3 scrolls of identify
 o - 2 scrolls of amnesia
 p - a scroll of summoning {unknown}
 s - 3 scrolls of teleportation
 t - 2 scrolls of butterflies
 u - a scroll of brand weapon {unknown}
 w - a scroll of enchant weapon {unknown}
 B - a scroll of noise {unknown}
 E - a scroll of poison {unknown}
Potions
 j - 3 potions of curing
 k - a potion of might {unknown}
 l - 2 potions of mutation
 m - a potion of magic {unknown}
 n - 4 potions of attraction
 r - a potion of flight {unknown}
 v - a potion of heal wounds {unknown}
 D - a potion of haste {unknown}
 F - a potion of lignification {unknown}


   Skills:
 + Level 4.4 Fighting
 * Level 10.1 Ranged Weapons
 + Level 7.1 Dodging
 - Level 6.2 Stealth


You had 8 spell levels left.
You didn't know any spells.
Your spell library contained the following spells:

 Spells                   Type           Power      Damage    Failure   Level
 Necrotise                Necr           0%         1d4       36%         1
 Slow                     Hex            0%         N/A       36%         1
 Summon Small Mammal      Summ           0%         N/A       36%         1
 Call Canine Familiar     Summ           0%         N/A       75%         3
 Confusing Touch          Hex            0%         N/A       75%         3
 Summon Guardian Golem    Hex/Summ       0%         N/A       75%         3
 Vampiric Draining        Necr           0%         2d6       75%         3
 Petrify                  Tmut/Erth      0%         N/A       98%         4
 Agony                    Necr           0%         N/A       100%        5
 Metabolic Englaciation   Hex/Ice        0%         N/A       100%        5
 Statue Form              Tmut/Erth      0%         N/A       100%        6


Dungeon Overview and Level Annotations

Branches:
Dungeon (8/15)             Temple (0/1) D:7
   Lair: D:8-11

Altars:
Ashenzari
Cheibriados
Dithmenos
Fedhas
Gozag
Kikubaaqudgha
Nemelex Xobeh
Okawaru
Ru
Trog
Uskayaw

Shops:
D:7 (

Annotations:
D:4 2 transporters, styxcanada's ghost, amateur SpBr
D:5 2 runed translucent doors, BillyBaka's ghost, novice GrHu


Innate Abilities, Weirdness & Mutations

You are very small and have problems with some larger weapons.
You are too small for most types of armour.
You have supernaturally acute eyesight. (SInv)
You cover ground extremely quickly. (Speed+++)


Message History

You shoot a bolt. The bolt hits Crazy Yiuf!!
The bolt burns Crazy Yiuf.
You kill Crazy Yiuf!
Dithmenos accepts your kill.
There is an open translucent door here.
Things that are here:
a +3 quarterstaff of chaos; a +0 cloak; the gnoll corpse of Crazy Yiuf
Okay, then.
Okay, then.
Done exploring.
There is an open translucent door here.
Things that are here:
a +3 quarterstaff of chaos; a +0 cloak; the gnoll corpse of Crazy Yiuf
There is a stone staircase leading down here.
You climb downwards.
There is a stone staircase leading up here.
A necrophage comes into view.
You shoot a bolt. The bolt hits the necrophage!!!
The bolt burns the necrophage.
You destroy the necrophage!
Dithmenos accepts your kill.
No target in view!
No target in view!
A steam dragon comes into view.
Found a red potion.
You shoot a bolt.
The bolt completely misses the steam dragon.
You shoot a bolt.
The bolt barely misses the steam dragon.
The steam dragon breathes steam at you. The ball of steam hits you!
The steam dragon completely misses you. The steam dragon misses you.
You shoot a bolt. The bolt hits the steam dragon.
The bolt burns the steam dragon.
The steam dragon is moderately wounded.
You are engulfed in a cloud of scalding steam.
The steam dragon bites you. The steam dragon misses you.
You are too injured to fight recklessly!
The steam dragon breathes steam at you. The ball of steam hits you!!
You die...

#############
#<........@.#
###########§#
#§# #.# #D#
#.# #......#
#......#
#......#


There were no monsters in sight!

Vanquished Creatures
  Grinder (D:4)
  Sigmund (D:2)
  A water moccasin (D:5)
  2 ice beasts
  2 centaurs
  A phantom (D:7)
  A gnoll sergeant (D:5)
  2 scorpions
  3 necrophages
  4 wights (D:6)
  A howler monkey (D:7)
  A jelly (D:7)
  5 orc priests
  Crazy Yiuf (D:7)
  An iguana (D:3)
  3 gnoll boudas
  Terence (D:3)
  Natasha (thrice) (D:2)
  An orc wizard (D:5)
  Robin (D:2)
  15 gnolls
  5 adders
  A shadow imp (D:5)
  A white imp (D:7)
  2 worms
  2 dart slugs
  16 orcs
  3 ball pythons
  5 bats
  11 endoplasms
  4 giant cockroaches
  13 goblins
  14 hobgoblins
  3 jackals (D:2)
  10 kobolds
  3 quokkas
  5 frilled lizards
  5 rats
154 creatures vanquished.

Vanquished Creatures (others)
  An orc wizard (D:5)
1 creature vanquished.

Grand Total: 155 creatures vanquished

Notes
Turn   | Place    | Note
-------+----------+-------------------------------------------
     0 | D:1      | LustLizard the Spriggan Hunter began the quest for the Orb.
     0 | D:1      | Reached XP level 1. HP: 10/10 MP: 2/2
   138 | D:1      | Reached XP level 2. HP: 14/14 MP: 3/3
   164 | D:1      | Found a faded altar of an unknown god.
   690 | D:2      | Reached XP level 3. HP: 18/18 MP: 4/4
  1128 | D:2      | Noticed Sigmund
  1376 | D:2      | Reached skill level 5 in Ranged Weapons
  1504 | D:2      | Noticed Robin
  1518 | D:2      | Killed Robin
  1519 | D:2      | Reached XP level 4. HP: 22/22 MP: 5/5
  1794 | D:2      | Killed Sigmund
  1795 | D:2      | Reached skill level 6 in Ranged Weapons
  1795 | D:2      | Reached skill level 5 in Stealth
  1795 | D:2      | Reached XP level 5. HP: 25/25 MP: 6/6
  1801 | D:2      | Noticed Natasha
  2144 | D:2      | Killed Natasha
  2145 | D:2      | Reached XP level 6. HP: 12/30 MP: 7/7
  2155 | D:2      | Noticed Natasha
  2350 | D:2      | Killed Natasha
  2501 | D:2      | Noticed Natasha
  2509 | D:2      | Killed Natasha
  3010 | D:3      | Found a shadowy altar of Dithmenos.
  3088 | D:3      | Became a worshipper of Dithmenos the Shadowed
  3174 | D:3      | Reached skill level 7 in Ranged Weapons
  3350 | D:3      | Noticed Terence
  3397 | D:3      | Killed Terence
  3534 | D:3      | Found a blossoming altar of Fedhas.
  3572 | D:3      | Reached * piety under Dithmenos
  3881 | D:4      | Noticed Grinder
  3958 | D:4      | Reached XP level 7. HP: 34/34 MP: 8/8
  4026 | D:4      | Killed Grinder
  4235 | D:4      | Found an iron altar of Okawaru.
  4367 | D:4      | Found a transporter.
  4373 | D:4      | Found a transporter.
  4383 | D:4      | Identified the +5 dire flail of Gadwiq {antimagic, rElec}
  4383 | D:4      | Noticed styxcanada's ghost (amateur SpBr)
  4485 | D:5      | Entered Level 5 of the Dungeon
  4523 | D:5      | Reached skill level 8 in Ranged Weapons
  4784 | D:5      | Reached XP level 8. HP: 39/39 MP: 9/9
  4863 | D:5      | Reached skill level 5 in Dodging
  5111 | D:5      | Found a large runed translucent door.
  5111 | D:5      | Found a large runed translucent door.
  5440 | D:5      | Noticed BillyBaka's ghost (novice GrHu)
  5549 | D:5      | Found an opulent altar of Gozag.
  5555 | D:5      | Found an ancient bone altar of Kikubaaqudgha.
  5558 | D:5      | Found a sparkling altar of Nemelex Xobeh.
  5558 | D:5      | Found a sacrificial altar of Ru.
  5558 | D:5      | Found a snail-covered altar of Cheibriados.
  5563 | D:5      | Found a bloodstained altar of Trog.
  5864 | D:6      | Reached skill level 9 in Ranged Weapons
  5944 | D:6      | Reached ** piety under Dithmenos
  6186 | D:6      | Found a hide-covered altar of Uskayaw.
  6282 | D:6      | Found the +7 Throatcutter {drain, coup de grace}
  6993 | D:7      | Found a broken altar of Ashenzari.
  7003 | D:7      | Reached XP level 9. HP: 45/45 MP: 10/10
  7211 | D:7      | Reached skill level 10 in Ranged Weapons
  7373 | D:7      | Found Zeacok's Weapon Boutique.
  7381 | D:7      | Bought a +3 arbalest of flaming for 276 gold pieces
  7468 | D:7      | Found a staircase to the Ecumenical Temple.
  7536 | D:7      | Found a runed translucent door.
  7537 | D:7      | Noticed Crazy Yiuf
  7544 | D:7      | Killed Crazy Yiuf
  7600 | D:8      | Killed from afar by a steam dragon

Illustrated notes

Levels and vault maps discovered:
D:1:      lightli_arrival_boilingwater, layout_basic,
          ebering_ecumenical_altar_sacrificial, chequers_serial_rivers_large_b
D:2:      layout_basic, uniq_robin, uniq_natasha, uniq_sigmund
D:3:      layout_basic, mainiacjoe_overflow_alcove_2, lemuel_tele_altar,
          uniq_terence
D:4:      layout_cave_pools, mainiacjoe_overflow_small_starburst,
          gammafunk_ghost_smash, uniq_grinder
D:5:      layout_loops_corners, minitemple, ebering_ghost_disaster_area,
          solitary_fountain
D:6:      layout_loops_ring, mainiacjoe_overflow_paths
D:7:      layout_rooms, cheibrodos_ashenzari_chains, lemuel_temple_firewalk_b,
          serial_shops, nicolae_shop_bloodbath_and_beyond, st_stairs_2,
          uniq_crazy_yiuf_cottage
D:8:      black_bear_nest_2, layout_basic, mainiacjoe_overflow_boulevard,
          grunt_ministairs_13, uniq_maggie, uniq_pikel

Skill      XL: |  1  2  3  4  5  6  7  8  9 |
---------------+----------------------------+-----
Stealth        | 2 3 5 6 |  6.2
Ranged Weapons | 5 6 7 8 9 10 | 10.1
Dodging        | 3 4 6 7 |  7.1
Fighting       | 2 4 |  4.4

Action                   |  1- 3 |  4- 6 |  7- 9 || total
-------------------------+-------+-------+-------++-------
Melee: Shortbow          |     1 |       |       ||     1
 Fire: Shortbow          |    88 |   152 |   255 ||   495
       Arbalest          |       |       |     8 ||     8
  Use: Scroll            |       |     2 |     5 ||     7
Armor: Robe              |     6 |     4 |     3 ||    13
Dodge: Dodged            |    37 |    35 |   112 ||   184
